 Dungeon Crawl Stone Soup version 0.31-a0-542-gdc2a67831c (console) character file.

Game seed: 2442121340101783811

4 Lexodia the Cudgeller (level 1, -3/22 HPs)
             Began as an Ogre Gladiator on Aug 14, 2023.
             Slain by a gnoll
             ... wielding a +0 spear
              (4 damage)
             ... on level 1 of the Dungeon.
             The game lasted 00:00:21 (206 turns).

Lexodia the Cudgeller (Ogre Gladiator)               Turns: 206, Time: 00:00:21

Health: -3/22      AC:  3    Str: 17    XL:     1   Next: 70%
Magic:  1/1        EV: 10    Int:  9    God:
Gold:   9          SH:  0    Dex: 10    Spells: 0/0 levels left

rFire   . . .        a - +0 flail
rCold   . . .        (no shield)
rNeg    . . .        b - +0 robe
rPois   .            c - +0 hat
rElec   .            (no cloak)
rCorr   .            (gloves unavailable)
SInv    .            (boots unavailable)
Will    .....        (no amulet)
Stlth   +            (no ring)
HPRegen 0.23/turn    (no ring)
MPRegen 0.07/turn

%: no passive effects
@: no status effects
A: large, unfitting armour, tough skin 1
a: no special abilities


You were on level 1 of the Dungeon.
You visited 1 branch of the dungeon, and saw 1 of its levels.

You collected 9 gold pieces.

Inventory:

Hand Weapons
 a - a +0 flail (weapon)
Missiles
 d - 3 throwing nets (quivered)
 e - a large rock
Armour
 b - a +0 robe (worn)
 c - a +0 hat (worn)


   Skills:
 + Level 2.8 Fighting
 * Level 2.8 Maces & Flails
 + Level 2.1 Throwing
 + Level 2.7 Dodging


You couldn't memorise any spells.
You didn't know any spells.
Your spell library contained the following spells:

 Spells                   Type           Power      Damage    Failure   Level
 Ensorcelled Hibernation  Hex/Ice        0%         N/A       52%         2
 Passwall                 Tmut/Erth      0%         N/A       52%         2
 Swiftness                Air            0%         N/A       77%         3


Dungeon Overview and Level Annotations

Branches:
Dungeon (1/15)

Altars:


Innate Abilities, Weirdness & Mutations

You are too large for most types of armour.
You have tough skin. (AC +1)


Message History

No target in view!
You see here a rat corpse.
You now have 9 gold pieces.
Found a robe.
No target in view!
You see here a +0 robe.
You open the door.
A gnoll comes into view. It is wielding a +0 spear.
The gnoll shouts!
Found 2 green potions.
There is an open door here.
A gnoll is nearby!
The gnoll barely misses you. The gnoll hits you with a +0 spear.
Huge Dmg: -27%(-6hp) hp: 73%(16hp)
You barely miss the gnoll. The gnoll hits you with a +0 spear.
Damage: -4%(-1hp) hp: 69%(15hp)
You hit the gnoll but do no damage. The gnoll hits you with a +0 spear.
Huge Dmg: -23%(-5hp) hp: 46%(10hp)
You hit the gnoll.
The gnoll is lightly wounded.
The gnoll hits you with a +0 spear. The gnoll closely misses you.
Damage: -5%(-1hp) hp: 41%(9hp)
You closely miss the gnoll.
The gnoll is lightly wounded.
The gnoll hits you with a +0 spear.
* * * LOW HITPOINT WARNING * * *
Huge Dmg: -22%(-5hp) hp: 19%(4hp)
You completely miss the gnoll.
The gnoll is lightly wounded.
The gnoll hits you but does no damage.
You sock the gnoll!
The gnoll is severely wounded.
The gnoll hits you with a +0 spear.
* * * LOW HITPOINT WARNING * * *
Huge Dmg: -14%(-3hp) hp: 5%(1hp)
You closely miss the gnoll.
The gnoll is severely wounded.
The gnoll hits you with a +0 spear.
You die...

##.## ##.######+#### #.......
#.####### ##...## #.......
#......# ##.....## #.##.... #
####.#.# ##.......## ##.......
#####....###.........####...##.##
...........+.........+.......#.#
.........###.........####.[.##.#
#####..#.# #.!.g...# ##.###.##
#####.##.# #..@..# #.......
.##.... .# ##...## #.###.##
.##.#.#### ##'## #.##..# .##.#.#
#.# #.##.## ......# #.# #.##.###
.##.######### ##.## #.......
.##...†.....###...### ####.###
.##.#######.##......# #.#
.##.....# #.###.....### #.#


You could see a gnoll.

Vanquished Creatures
  An endoplasm (D:1)
  A goblin (D:1)
  A hobgoblin (D:1)
  A rat (D:1)
4 creatures vanquished.

Notes
Turn   | Place    | Note
-------+----------+-------------------------------------------
     0 | D:1      | Lexodia the Ogre Gladiator began the quest for the Orb.
     0 | D:1      | Reached XP level 1. HP: 22/22 MP: 1/1
   200 | D:1      | Huge Dmg: 6 dmg
   202 | D:1      | Huge Dmg: 5 dmg
   204 | D:1      | Huge Dmg: 5 dmg
   205 | D:1      | HP: 1/22 [gnoll/+0 spear (4)]
   206 | D:1      | Huge Dmg: 3 dmg
   206 | D:1      | Slain by a gnoll

Illustrated notes

Levels and vault maps discovered:
D:1:      ncdulo_smallfort, layout_loops_corners, minmay_box_of_dots

Action                     || total
---------------------------++-------
  Melee: Flail             ||    15
 Armour: Robe              ||     3
  Dodge: Dodged            ||     5

Table legend: (Time is in decaauts)
 A = Elapsed time spent in this place.
 B = Non-inter-level travel time spent in this place.
 C = Inter-level travel time spent in this place.
 D = Time resting spent in this place.
 E = Time spent auto-exploring this place.
 F = Levels seen in this place.
 G = Mean time per level.
                   A        B        C        D        E       F      G
               +--------+--------+--------+--------+--------+-----+--------+
         Total |    209 |    209 |      0 |      0 |    169 |   1 |  209.0 |
       Dungeon |    209 |    209 |      0 |      0 |    169 |   1 |  209.0 |
               +--------+--------+--------+--------+--------+-----+--------+

Top non-repeatable levels by time:
     D:1: 209 daAuts
